 Dungeon Crawl Stone Soup version 0.30-a0-533-g4794bfbd1c (webtiles) character file.

Game seed: 8055649698511318563

70 munchyjoey the Ruffian (level 4, -3/44 HPs)
             Began as an Ogre Transmuter on Dec 24, 2022.
             Slain by a goblin
             ... wielding a +0 dagger
             ... led by Robin
              (5 damage)
             ... on level 4 of the Dungeon.
             The game lasted 00:09:29 (1393 turns).

munchyjoey the Ruffian (Ogre Transmuter)            Turns: 1393, Time: 00:09:29

Health: -3/44      AC:  3    Str: 14    XL:     4   Next: 21%
Magic:  8/8        EV:  9    Int: 16    God:
Gold:   163        SH:  0    Dex:  9    Spells: 8/9 levels left

rFire   . . .      SeeInvis .      - Unarmed
rCold   . . .      Faith    +    (no shield)
rNeg    . . .      Spirit   .    a - +0 robe
rPois   .          Reflect  .    (helmet currently unavailable)
rElec   .          Harm     .    (no cloak)
rCorr   .          Rampage  .    (gloves unavailable)
Will    .....                    (boots unavailable)
Stlth   +                        k - amulet of faith
HPRegen 0.27/turn                (no ring)
MPRegen 0.11/turn                (no ring)

@: appendages (expiring)
A: horns 2, talons 2, large, unfitting armour, tough skin 1
a: End Transformation


You were on level 4 of the Dungeon.
You had temporarily grown beastly horns and talons.
You visited 1 branch of the dungeon, and saw 3 of its levels.

You collected 163 gold pieces.

Inventory:

Hand Weapons
 h - a +0 sling
Missiles
 e - 16 stones (quivered)
Armour
 a - a +0 robe (worn)
 n - a +0 hat (melded)
Magical Staves
 i - a staff of poison
Jewellery
 k - an amulet of faith (around neck)
Scrolls
 f - a scroll of identify {unknown}
 g - a scroll of vulnerability {unknown}
 l - a scroll of poison {unknown}
 o - a scroll of teleportation {unknown}
Potions
 b - a potion of lignification
 c - 4 potions of curing {unknown}
 d - 3 potions of brilliance {unknown}
 j - a potion of heal wounds {unknown}
 m - a potion of flight {unknown}


   Skills:
 + Level 2.8 Fighting
 - Level 1.7 Dodging
 + Level 3.2 Unarmed Combat
 + Level 3.2 Spellcasting
 + Level 2.4 Transmutations


You had 8 spell levels left.
You knew the following spells:

 Your Spells              Type           Power      Damage    Failure   Level
a - Beastly Appendage     Tmut           20%        N/A       7%          1

Your spell library contained the following spells:

 Spells                   Type           Power      Damage    Failure   Level
 Wereblood                Tmut           10%        N/A       10%         2
 Foxfire                  Conj/Fire      8%         2x1d4     19%         1
 Spider Form              Tmut/Pois      6%         N/A       32%         3
 Ozocubu's Armour         Ice            2%         N/A       50%         3
 Portal Projectile        Hex/Tloc       4%         N/A       50%         3
 Tukima's Dance           Hex            2%         N/A       50%         3
 Ice Form                 Ice/Tmut       6%         N/A       73%         4
 Blade Hands              Tmut           5%         N/A       88%         5
 Fireball                 Conj/Fire      1%         3d3       99%         5
 Starburst                Conj/Fire      1%         6d3       100%        6
 Ozocubu's Refrigeration  Ice            1%         4d7       100%        7


Dungeon Overview and Level Annotations

Branches:
Dungeon (2/15)

Altars:

Annotations:
D:4 Robin


Innate Abilities, Weirdness & Mutations

You have temporarily grown beastly horns and talons.
You are too large for most types of armour.
You have tough skin. (AC +1)


Message History

The goblin misses you. The goblin closely misses you.
The endoplasm freezes you.
You are frozen.
You barely miss the hobgoblin.
The hobgoblin shouts!
You headbutt the hobgoblin.
The hobgoblin is moderately wounded.
You hear a shout!
The goblin hits you with a +0 dagger. x2
Robin roars a battlecry!
The goblins go into a battle-frenzy!
A goblin comes into view. It is wielding a +0 dagger.
The hobgoblin barely misses you. The endoplasm freezes you.
You are frozen.
You hear a shout!
You barely miss the hobgoblin.
You claw the hobgoblin, but do no damage.
The hobgoblin is moderately wounded.
The goblin hits you with a +0 dagger. The goblin barely misses you.
The hobgoblin hits you. The endoplasm freezes you.
You are frozen.
* * * LOW HITPOINT WARNING * * *
You hit the hobgoblin but do no damage.
The hobgoblin is moderately wounded.
The goblin barely misses you. The goblin hits you with a +0 dagger.
* * * LOW HITPOINT WARNING * * *
The hobgoblin hits you.
* * * LOW HITPOINT WARNING * * *
A hobgoblin comes into view.
The endoplasm barely misses you.
You hit the hobgoblin. Your kick misses the hobgoblin.
You headbutt the hobgoblin.
You kill the hobgoblin!
The endoplasm freezes you.
You are frozen.
* * * LOW HITPOINT WARNING * * *
The goblin hits you with a +0 dagger.
You die...

.... ## .... .#.....
#....# .#.....
#....# g......
#....# g......
#..gg####g......
#...g##g@Jg.....
#.g..##g########
#....##g....# #
#....##.#.#.### .##
#.......#.#...###
..#
#.....###.###...#...
........# ...
#...#.####.
#####.### ###
###........ #..
#.#......


You could see Robin, an endoplasm, 2 hobgoblins and 4 goblins.

Vanquished Creatures
  2 ufetubi (D:4)
  A worm (D:2)
  2 dart slugs
  5 ball pythons
  4 bats
  3 endoplasms
  4 giant cockroaches
  2 hobgoblins (D:4)
  5 jackals (D:1)
  A quokka (D:1)
  5 frilled lizards (D:1)
  10 goblins
  4 kobolds
  4 rats
52 creatures vanquished.

Notes
Turn   | Place    | Note
-------+----------+-------------------------------------------
     0 | D:1      | munchyjoey the Ogre Transmuter began the quest for the Orb.
     0 | D:1      | Reached XP level 1. HP: 19/19 MP: 3/3
   191 | D:1      | Reached XP level 2. HP: 28/28 MP: 2/5
   660 | D:1      | Reached XP level 3. HP: 35/35 MP: 5/7
  1293 | D:2      | You fall into a shaft and drop 2 floors!
  1315 | D:4      | Reached XP level 4. HP: 41/44 MP: 6/8
  1387 | D:4      | Noticed Robin
  1393 | D:4      | HP: 2/44 [frozen (4)]
  1393 | D:4      | Slain by a goblin

Illustrated notes

Levels and vault maps discovered:
D:1:      mrwooster_arrival_statue, layout_basic, nicolae_eternal_life
D:2:      layout_basic, uniq_terence
D:4:      layout_basic, hangedman_decor_slide_cut, kennysheep_doodads,
          minmay_quantized, uniq_menkaure, uniq_robin

Skill      XL: |  1  2  3 |
---------------+----------+-----
Transmutations | 2 |  2.4
Fighting       | 2 |  2.8
Unarmed Combat | 3 |  3.2
Spellcasting   | 3 |  3.2
Dodging        | |  1.7

Action                   |  1- 3 |  4- 6 || total
-------------------------+-------+-------++-------
Melee: Unarmed           |   143 |    14 ||   157
       Kick              |    25 |     4 ||    29
       Headbutt          |     9 |     2 ||    11
       Punch             |     1 |       ||     1
Throw: Stone             |     5 |       ||     5
 Cast: Beastly Appendage |    27 |     1 ||    28
Armor: Robe              |    51 |     3 ||    54
Dodge: Dodged            |    79 |    13 ||    92

Table legend: (Time is in decaauts)
 A = Elapsed time spent in this place.
 B = Non-inter-level travel time spent in this place.
 C = Inter-level travel time spent in this place.
 D = Time resting spent in this place.
 E = Time spent auto-exploring this place.
 F = Levels seen in this place.
 G = Mean time per level.
                   A        B        C        D        E       F      G
               +--------+--------+--------+--------+--------+-----+--------+
         Total |   1384 |   1371 |     13 |      0 |    933 |   3 |  461.3 |
       Dungeon |   1384 |   1371 |     13 |      0 |    933 |   3 |  461.3 |
               +--------+--------+--------+--------+--------+-----+--------+

Top non-repeatable levels by time:
     D:1: 748 daAuts
     D:2: 537 daAuts
     D:4: 98 daAuts
